 Dungeon Crawl Stone Soup version 0.25.1-2-g60ff931df9 (webtiles) character file.

Game seed: 15156453272468783915

3954 hawla the Thaumaturge (level 10, -4/69 HPs)
             Began as a Pale Draconian Conjurer on Nov 28, 2020.
             Slain by a killer bee (8 damage)
             ... on level 7 of the Dungeon on Nov 29, 2020.
             The game lasted 00:32:24 (9430 turns).

hawla the Thaumaturge (Pale Draconian Conjurer)     Turns: 9430, Time: 00:32:25

Health: -4/69      AC: 10    Str:  8 (11) XL:     10   Next: 2%
Magic:  0/23       EV: 12    Int: 20 (21) God:
Gold:   303        SH:  0    Dex: 15 (17) Spells: 11/27 levels left

rFire    . . .     SeeInvis .   q - staff of death
rCold    . . .     Gourm    .   (no shield)
rNeg     + . .     Faith    .   (armour unavailable)
rPois    .         Spirit   .   (helmet restricted)
rElec    .         Reflect  .   i - +2 cloak
rCorr    .         Harm     .   (no gloves)
MR       .....                  (no boots)
Stlth    ++........             (no amulet)
HPRegen  0.21/turn              r - +6 ring of dexterity
MPRegen  0.18/turn              a - +4 ring of slaying

@: lethally poisoned (-4 -> -8)
A: breathe steam, unfitting armour, talons 1, clever 1, cold-blooded, AC +7
a: Breathe Steam


You were on level 7 of the Dungeon.
You were not hungry.

You visited 1 branch of the dungeon, and saw 8 of its levels.

You collected 303 gold pieces.

Inventory:

Missiles
 f - 4 boomerangs (quivered)
 j - 42 poisoned darts
Armour
 i - a +2 cloak (worn)
Magical Staves
 q - an uncursed staff of death (weapon)
Jewellery
 a - a +4 ring of slaying (right hand)
 r - a +6 ring of dexterity (left hand)
Scrolls
 e - a scroll of remove curse
 l - 2 scrolls of amnesia
 p - 4 scrolls of enchant weapon
Potions
 c - a potion of brilliance
 s - a potion of cancellation
Comestibles
 b - 12 rations


   Skills:
 - Level 1.7 Dodging
 - Level 1.7 Stealth
 + Level 9.1 Spellcasting
 * Level 8.1 Conjurations
 - Level 5.8 Translocations
 * Level 5.9 Fire Magic


You had 11 spell levels left.
You knew the following spells:

 Your Spells              Type           Power        Failure   Level  Hunger
a - Magic Dart            Conj           ####         1%          1    None
b - Searing Ray           Conj           #####.       1%          2    None
c - Iskenderun's Mystic   Conj/Tloc      #####...     4%          4    ###....
d - Sticky Flame          Conj/Fire      #####...     4%          4    ###....
e - Fireball              Conj/Fire      #####.....   12%         5    #####..

Your spell library contained the following spells:

 Spells                   Type           Power        Failure   Level  Hunger
 Foxfire                  Conj/Fire      ####         1%          1    None
 Shock                    Conj/Air       ####         1%          1    None
 Conjure Flame            Conj/Fire      #####...     1%          3    None
 Dazzling Flash           Conj/Hex       ####..       4%          3    None
 Static Discharge         Conj/Air       ####....     4%          3    None
 Inner Flame              Hex/Fire       ###.....     7%          3    None
 Swiftness                Chrm/Air       #.......     12%         2    None
 Fulminant Prism          Conj/Hex       ####......   14%         4    ###....
 Lightning Bolt           Conj/Air       ####......   36%         5    #####..
 Airstrike                Air            #.........   58%         4    ###....


Dungeon Overview and Level Annotations

Branches:
Dungeon (8/15)
 Temple: D:4-7         Lair: D:8-11

Altars:
Zin


Innate Abilities, Weirdness & Mutations

You can breathe blasts of scalding, opaque steam.
Your pale cyan-grey scales are hard. (AC +7)
You cannot fit into any form of body armour.
You are cold-blooded and may be slowed by cold attacks.
You have sharp toenails.
Your mind is acute. (Int +2)


Message History

You feel sick. The killer bee closely misses you.
The killer bee barely misses you. x2
You miss the killer bee.
Your tail-slap misses the killer bee.
The killer bee is severely wounded.
You feel sick. The killer bee barely misses you. The killer bee stings you.
* * * LOW HITPOINT WARNING * * *
Casting: Searing Ray (safe; 1% risk of failure)
Confirm with . or Enter, or press ? or * to list all spells.
Aiming: Magic Dart (safe; 1% risk of failure)
Press: ? - help, Shift-Dir - straight line, f/p - killer bee
Aim: a killer bee (severely wounded)
The magic dart hits the killer bee.
The killer bee is almost dead.
* * * LOW HITPOINT WARNING * * *
You feel sick. The killer bee misses you. The killer bee closely misses you.
You miss the killer bee.
The killer bee is severely wounded.
* * * LOW HITPOINT WARNING * * *
You feel sick. The killer bee stings you!
You die...

##### ##### #####...#
#...##
#.#.#...####....###
##.........##....#..
#.......[..##.......
##..[...........###.
#..@#.####.>....##..
###..y### #......###.
##....#######..##...##.
#........#.#..##...###.
#....#.#...#.......##..
##..####..........))...
#....# ##..............
###..####...#..........
##.#....##..##..........


You could see a killer bee.

Vanquished Creatures
  Pikel (D:7)
  Grinder (D:4)
  3 hippogriffs (D:7)
  Sigmund (D:2)
  Duvessa (D:7)
  A sky beast (D:7)
  2 orc warriors
  An ice beast (D:5)
  A phantom (D:6)
  5 ogres
  5 centaurs
  2 bullfrogs (D:6)
  2 scorpions
  Dowan (D:7)
  A killer bee (D:8)
  2 crimson imps (D:6)
  A bullfrog zombie (D:7)
  A quasit (D:2)
  3 hounds
  A centaur skeleton (D:4)
  2 jellies
  10 orc wizards
  5 worker ants
  A killer bee zombie (D:7)
  4 gnolls (D:3)
  5 adders
  4 shadow imps
  3 oozes
  An adder skeleton (D:2)
  An adder zombie (D:5)
  6 worms
  2 dart slugs
  2 leopard geckos
  13 orcs
  5 giant cockroaches
  9 goblins
  10 hobgoblins
  6 jackals
  3 quokkas
  A ball python skeleton (D:5)
  6 bats
  3 frilled lizards
  8 kobolds
  3 rats
149 creatures vanquished.

Vanquished Creatures (others)
  2 slaves (D:7)
  A centaur (D:7)
  A crimson imp (D:7)
  2 jackals (D:7)
6 creatures vanquished.

Grand Total: 155 creatures vanquished

Notes
Turn   | Place    | Note
-------+----------+-------------------------------------------
     0 | D:1      | hawla the Draconian Conjurer began the quest for the Orb.
     0 | D:1      | Reached XP level 1. HP: 14/14 MP: 3/3
   240 | D:1      | Reached XP level 2. HP: 20/20 MP: 0/5
   575 | D:1      | Reached skill level 3 in Spellcasting
  1139 | D:1      | Reached XP level 3. HP: 26/26 MP: 4/7
  1158 | D:1      | Learned a level 2 spell: Searing Ray
  1520 | D:2      | Noticed Sigmund
  1562 | D:2      | Killed Sigmund
  1562 | D:2      | Reached skill level 5 in Spellcasting
  1562 | D:2      | Reached XP level 4. HP: 33/33 MP: 0/11
  1562 | D:2      | Reached XP level 5. HP: 38/38 MP: 0/13
  1857 | D:2      | Learned a level 4 spell: Iskenderun's Mystic Blast
  2040 | D:2      | Noticed a centaur
  2050 | D:2      | Killed a centaur
  2050 | D:2      | Reached XP level 6. HP: 12/45 MP: 9/14
  3598 | D:3      | Reached skill level 6 in Spellcasting
  3889 | D:4      | Noticed Grinder
  4554 | D:4      | Your scales start taking on a pale cyan-grey colour.
  4554 | D:4      | Reached XP level 7. HP: 50/50 MP: 8/16
  5085 | D:4      | Gained mutation: Your mind is acute. (Int +2) [potion of
                  | mutation]
  5085 | D:4      | Gained mutation: You have sharp toenails. [potion of
                  | mutation]
  5088 | D:4      | Killed Grinder
  5088 | D:4      | Reached skill level 7 in Spellcasting
  5357 | D:4      | You fall into a shaft and drop 2 floors!
  5391 | D:6      | Reached XP level 8. HP: 57/57 MP: 11/19
  5523 | D:6      | HP: 2/57 [centaur (6)]
  6068 | D:6      | Reached skill level 5 in Conjurations
  6068 | D:6      | Reached skill level 5 in Translocations
  6119 | D:5      | Entered Level 5 of the Dungeon
  6162 | D:5      | Found a glowing silver altar of Zin.
  6374 | D:5      | Reached skill level 8 in Spellcasting
  7135 | D:5      | Learned a level 4 spell: Sticky Flame
  7141 | D:5      | Learned a level 5 spell: Fireball
  7732 | D:6      | Reached skill level 1 in Fire Magic
  7732 | D:6      | Reached XP level 9. HP: 62/62 MP: 5/21
  8595 | D:7      | Noticed Pikel
  8603 | D:7      | Killed Pikel
  8933 | D:7      | Noticed Duvessa
  8933 | D:7      | Noticed Dowan
  8935 | D:7      | Killed Dowan
  8939 | D:7      | Killed Duvessa
  9169 | D:7      | Reached skill level 5 in Fire Magic
  9189 | D:7      | Reached skill level 9 in Spellcasting
  9380 | D:7      | You fall into a shaft and drop 1 floor!
  9394 | D:8      | Reached XP level 10. HP: 68/69 MP: 1/23
  9430 | D:7      | Slain by a killer bee

Illustrated notes

Levels and vault maps discovered:
D:1:      saegor_arrival_under_anarchy, layout_basic,
          chequers_serial_rivers_large_a, fountainhead
D:2:      layout_loops_cross, uniq_sigmund
D:3:      layout_loops_ring
D:4:      layout_loops_cross, first_ration, uniq_grinder
D:5:      layout_cave_pools, lemuel_doored_altar
D:6:      layout_basic, ebering_dispersal_statue_hall
D:7:      layout_cave_pools, minmay_temple_entry_poolview, uniq_pikel,
          uniq_duvessa, uniq_prince_ribbit1
D:8:      layout_basic, dpeg_lair_monsters, blue_anna_alchemist
          [blue_anna_fruit_fields, blue_anna_fruit_fields], ashenzari_altar_1

Skill      XL: |  1  2  3  4  5  6  7  8  9 |
---------------+----------------------------+-----
Spellcasting   | 3 5 6 7 8 9 |  9.1
Translocations | 2 3 4 5 |  5.8
Conjurations   | 6 8 |  8.1
Fire Magic     | 1 5 |  5.9
Dodging        | |  1.7
Stealth        | |  1.7

Action                   |  1- 3 |  4- 6 |  7- 9 | 10-12 || total
-------------------------+-------+-------+-------+-------++-------
Melee: Unarmed           |    11 |       |       |       ||    11
       Tailslap          |     3 |       |     2 |     1 ||     6
       Whip              |       |       |    11 |       ||    11
       Kick              |       |       |     3 |     3 ||     6
       Staff             |       |       |    16 |    14 ||    30
 Cast: Magic Dart        |    56 |    46 |    73 |     2 ||   177
       Searing Ray       |     4 |    38 |    63 |     1 ||   106
       Iskenderun's Myst |       |     1 |    11 |     1 ||    13
       Sticky Flame      |       |       |     5 |       ||     5
       Fireball          |       |       |     4 |       ||     4
Evoke: Wand              |       |       |     2 |     1 ||     3
  Use: Scroll            |       |     8 |     7 |       ||    15
       Potion            |       |     1 |    10 |     1 ||    12
  Eat: Chunk             |     2 |     8 |    15 |       ||    25
       Ration            |       |       |     1 |       ||     1
Armor: Skin              |     6 |    14 |    94 |    16 ||   130
Dodge: Dodged            |    19 |    32 |    78 |    33 ||   162
